 Dungeon Crawl Stone Soup version 0.25-a0-822-g6581751b11 (webtiles) character file.

Game seed: 8922578270987290656, levelgen mode: deterministic

3528 Lavandula the Carver (level 10, -20/47 HPs)
             Began as a Vine Stalker Chaos Knight on Apr 20, 2020.
             Was a Plaything of Xom.
             Hit by a large rock thrown by a cyclops (30 damage)
             ... on level 9 of the Dungeon.
             The game lasted 00:23:45 (5331 turns).

Lavandula the Carver (Vine Stalker Chaos Knight)    Turns: 5331, Time: 00:23:45

Health: -20/47     AC:  9    Str: 15    XL:     10   Next: 8%
Magic:  0/11       EV: 16    Int: 14    God:    Xom [.....*]
Gold:   239        SH:  0    Dex: 17    Spells: 7/9 levels left

rFire    . . .     SeeInvis .   a - +0 falchion (chaos)
rCold    . . .     Gourm    .   (no shield)
rNeg     . . .     Faith    .   b - +2 leather armour
rPois    +         Spirit   +   v - +0 helmet
rElec    .         Reflect  .   (no cloak)
rCorr    .         Harm     .   (no gloves)
MR       ++++.     Clarity  +   l - +2 pair of boots
Stlth    +.........             (no amulet)
HPRegen  0.55/turn              i - ring of poison resistance
MPRegen  0.12/turn              (no ring)

@: no status effects
A: claws 1, fangs 3, clarity, clever 1, magic resistance 3, regeneration 1,
magic shield, antimagic bite, no potion heal 3, rot immunity
a: Renounce Religion


You were on level 9 of the Dungeon.
You worshipped Xom.
You were Xom's teddy bear.
You were hungry.

You visited 1 branch of the dungeon, and saw 9 of its levels.
You also visited: Sewer and Ossuary.

You collected 470 gold pieces.
You spent 231 gold pieces at shops.

Inventory:

Hand Weapons
 a - a +0 falchion of chaos (weapon)
Missiles
 u - 36 poisoned darts (quivered)
 B - 3 curare-tipped darts
 D - 2 boomerangs of dispersal
 G - 2 throwing nets
Armour
 b - a +2 leather armour (worn)
 l - a +2 pair of boots (worn)
 n - a +0 kite shield
 v - a +0 helmet (worn)
Magical Staves
 H - an uncursed staff of energy {unknown}
Jewellery
 i - a ring of poison resistance (left claw)
Wands
 t - a wand of enslavement (2)
 y - a wand of clouds (1)
 F - a wand of acid (8)
Scrolls
 d - 7 scrolls of remove curse
 e - a scroll of enchant weapon
 f - 2 scrolls of vulnerability {unknown}
 h - 2 scrolls of teleportation
 k - a scroll of noise
 m - 2 scrolls of magic mapping
 s - a scroll of fog
 x - 2 scrolls of amnesia
 A - 2 scrolls of fear
 K - a scroll of blinking
 M - a scroll of immolation {unknown}
 N - 2 scrolls of random uselessness {unknown}
Potions
 g - 2 potions of heal wounds
 j - 2 potions of brilliance {unknown}
 o - 4 potions of curing
 p - 5 potions of flight {unknown}
 q - a potion of invisibility
 r - 3 potions of stabbing
 w - a potion of ambrosia {unknown}
 z - a potion of resistance
 C - 2 potions of magic {unknown}
 E - 2 potions of lignification {unknown}
 I - a potion of mutation {unknown}
 J - 2 potions of haste {unknown}
 L - 2 potions of degeneration {unknown}
Comestibles
 c - 15 rations


   Skills:
 - Level 2.6 Fighting
 - Level 10.6 Long Blades
 - Level 1.5 Armour
 + Level 7.1 Dodging


You had 7 spell levels left.
You knew the following spells:

 Your Spells              Type           Power        Failure   Level  Hunger
a - Animate Skeleton      Necr           N/A          34%         1    ##.....
g - Apportation           Tloc           #.....       34%         1    ##.....

Your spell library contained the following spells:

 Spells                   Type           Power        Failure   Level  Hunger
 Corona                   Hex            #......      34%         1    ##.....
 Shock                    Conj/Air       #...         34%         1    ##.....
 Summon Small Mammal      Summ           #...         34%         1    ##.....
 Swiftness                Chrm/Air       #.......     47%         2    ###....
 Static Discharge         Conj/Air       #.......     71%         3    ####...
 Airstrike                Air            #.........   98%         4    #####..
 Lightning Bolt           Conj/Air       #.........   100%        5    ######.


Dungeon Overview and Level Annotations

Branches:
Dungeon (9/15)             Temple (0/1) D:7            Lair (0/6) D:8
  Sewer (visited)         Ossuary (visited)
    Orc: D:9-12

Altars:
Sif Muna
Trog
Xom

Shops:
D:5 }   D:8 :

Annotations:
D:5 exclusion: steam dragon


Innate Abilities, Weirdness & Mutations

You have razor-sharp teeth.
Your natural rate of healing is unusually fast.
When hurt, damage is shared between your health and your magic reserves.
Your bite disrupts and absorbs the magic of your enemies.
Potions cannot restore your health.
You are immune to rotting.
You have sharp fingernails.
You possess an exceptional clarity of mind.
Your mind is acute. (Int +2)
You are extremely resistant to the effects of hostile enchantments. (MR+++)


Message History

You closely miss the troll.
The troll is almost dead.
Xom twists space around you.
Your surroundings suddenly seem different.
Your surroundings suddenly seem different.
Your surroundings suddenly seem different.
Found 10 gold pieces.
A cyclops comes into view.
The cyclops shouts!
As you open the door, it creaks loudly!
The cyclops throws a large rock.
The large rock hits you!!
* * * LOW HITPOINT WARNING * * *
A shower of butterflies erupts from you!
Unknown command.
There is an open door here.
Unknown command.
The cyclops throws a large rock.
The large rock hits you!!
Ouch! That really hurt!
You die...
Xom chuckles heartily!

........#
........+
........#
........#
......>.#
..%.<...#
##+######
#.# #@#
####'######
#.$..(....#
#....b.b..+
#....bb...#
#....b....#
#...b.....#
#.C.......#
#.........#


You could see a cyclops.

Vanquished Creatures
  Grinder (D:6)
  A hornet (D:8)
  Sigmund (D:6)
  A spriggan (D:7)
  A hog (shapeshifter) (D:8)
  A water moccasin (D:8)
  An orc warrior (D:7)
  2 sky beasts
  2 ice beasts
  A black bear (D:5)
  2 ogres
  A wolf (D:4)
  2 big kobolds
  An elf zombie (Ossuary)
  A bullfrog (D:7)
  2 scorpions
  4 killer bees (D:8)
  2 crimson imps (D:5)
  4 howler monkeys
  A bullfrog zombie (D:8)
  3 hounds
  2 jellies
  4 orc wizards
  A bullfrog skeleton (D:9)
  3 orc priests
  2 iguanas (D:7)
  3 worker ants
  3 mummies (Ossuary)
  4 gnolls (D:7)
  A river rat (D:3)
  8 adders
  An ooze (D:3)
  2 adder zombies
  4 worms
  3 dart slugs
  2 leopard geckos (D:2)
  23 orcs
  2 giant cockroaches
  6 goblins
  5 hobgoblins
  15 jackals
  2 quokkas
  3 ball pythons
  8 bats
  7 frilled lizards
  A gnoll zombie (Ossuary)
  3 goblin zombies (Ossuary)
  2 hobgoblin zombies (Ossuary)
  16 kobolds
  3 kobold zombies (Ossuary)
  A leopard gecko skeleton (D:6)
  An orc zombie (Ossuary)
  A quokka skeleton (D:6)
  A quokka zombie (D:6)
  9 rats
187 creatures vanquished.

Vanquished Creatures (collateral kills)
  A wraith (Ossuary)
  Menkaure (D:6)
  An adder (D:4)
  A leopard gecko (D:6)
  A kobold (Sewer)
5 creatures vanquished.

Vanquished Creatures (others)
  A bullfrog (D:8)
  An elf zombie (Ossuary)
  A plant (D:8)
3 creatures vanquished.

Grand Total: 195 creatures vanquished

Notes
Turn   | Place    | Note
-------+----------+-------------------------------------------
     0 | D:1      | Lavandula the Vine Stalker Chaos Knight began the quest for
                  | the Orb.
     0 | D:1      | Reached XP level 1. HP: 11/11 MP: 2/2
    25 | D:1      | Reached skill level 3 in Long Blades
    46 | D:1      | XOM: silly message
    58 | D:1      | XOM: silly message
    62 | D:1      | Reached XP level 2. HP: 5/16 MP: 3/3
   121 | D:1      | XOM: silly message
   246 | D:1      | Reached XP level 3. HP: 13/19 MP: 4/4
   306 | D:1      | You fall into a shaft and drop 1 floor!
   324 | D:2      | XOM: cast spell 'Call Canine Familiar'
   352 | D:2      | Reached skill level 4 in Long Blades
   465 | D:2      | XOM: silly message
   493 | D:2      | Gained mutation: Your natural rate of healing is unusually
                  | fast. [Vine Stalker growth]
   493 | D:2      | Reached XP level 4. HP: 9/23 MP: 3/5
   708 | D:3      | Found a glowing drain.
   712 | D:3      | XOM: noise
   748 | Sewer    | Entered a sewer
   802 | Sewer    | Noticed a big kobold
   805 | Sewer    | XOM: noise
   810 | Sewer    | XOM: noise
   819 | Sewer    | XOM: summons friendly iron imp
   819 | Sewer    | Killed a big kobold
   819 | Sewer    | Reached skill level 5 in Long Blades
   819 | Sewer    | Reached XP level 5. HP: 21/27 MP: 3/6
   841 | Sewer    | Found a white marble altar of Elyvilon.
  1059 | D:3      | XOM: silly message
  1102 | D:3      | Found a shimmering blue altar of Sif Muna.
  1165 | D:3      | XOM: god gift: 35 gold pieces
  1405 | D:4      | XOM: confuse monster(s)
  1449 | D:4      | Noticed a wolf
  1449 | D:4      | an orc priest changed into a wolf
  1459 | D:4      | Reached XP level 6. HP: 22/32 MP: 4/7
  1478 | D:4      | Found a shimmering blue altar of Sif Muna.
  1484 | D:4      | XOM: blink monster(s)
  1489 | D:4      | Reached skill level 6 in Long Blades
  1504 | D:4      | XOM: cast spell 'Shadow Creatures'
  1524 | D:5      | Entered Level 5 of the Dungeon
  1561 | D:5      | Found Qareq's Gadget Boutique.
  1564 | D:5      | Bought a wand of clouds (3) for 231 gold pieces
  1675 | D:5      | Noticed a steam dragon
  1779 | D:5      | Noticed an ice beast
  1798 | D:5      | Killed an ice beast
  1798 | D:5      | Reached skill level 7 in Long Blades
  1798 | D:5      | Reached XP level 7. HP: 35/35 MP: 8/8
  1857 | D:4      | Found Tekih's Armour Shoppe.
  1940 | D:4      | XOM: fake destruction
  1958 | D:4      | XOM: give mutation
  1958 | D:4      | Gained mutation: You are resistant to hostile enchantments.
                  | (MR+) [Xom's grace]
  2051 | D:4      | XOM: polymorph ogre -> scorpion
  2231 | D:4      | Reached skill level 8 in Long Blades
  2277 | D:4      | Found a bloodstained altar of Trog.
  2509 | D:5      | XOM: polymorph ogre -> black bear
  2546 | D:6      | XOM: noise
  2566 | D:6      | XOM: give mutation
  2566 | D:6      | Gained mutation: You are highly resistant to hostile
                  | enchantments. (MR++) [Xom's grace]
  2572 | D:6      | Noticed Menkaure
  2581 | D:6      | XOM: summons friendly ufetubus
  2597 | D:6      | Gained mutation: You have razor-sharp teeth. [Vine Stalker
                  | growth]
  2597 | D:6      | Reached XP level 8. HP: 34/39 MP: 7/9
  2601 | D:6      | XOM: butterfly on damage
  2665 | D:6      | XOM: summons 8 friendly demons
  2756 | D:6      | Noticed Sigmund
  2761 | D:6      | Killed Sigmund
  2800 | D:6      | Killed Menkaure
  2800 | D:6      | Reached skill level 9 in Long Blades
  2922 | D:6      | Noticed Grinder
  2949 | D:6      | XOM: blink monster(s)
  2956 | D:6      | Killed Grinder
  2963 | D:6      | XOM: summons 1 hostile demon
  3076 | D:7      | Found a shimmering altar of Xom.
  3090 | D:7      | Reached skill level 10 in Long Blades
  3144 | D:7      | Noticed a spriggan baker
  3167 | D:7      | Killed a spriggan baker
  3334 | D:7      | XOM: blink monster(s)
  3336 | D:7      | XOM: noise
  3337 | D:7      | XOM: summons friendly iron imp
  3350 | D:7      | Reached XP level 9. HP: 29/43 MP: 7/10
  3485 | D:7      | Reached skill level 1 in Dodging
  3489 | D:7      | XOM: confuse monster(s)
  3717 | D:7      | Found a staircase to the Ecumenical Temple.
  3788 | D:7      | XOM: silly message
  3864 | D:8      | Found a sand-covered staircase.
  3871 | Ossuary  | Entered an ossuary
  3936 | Ossuary  | XOM: confuse monster(s)
  3947 | Ossuary  | XOM: summons 4 hostile demons
  3948 | Ossuary  | Noticed a sun demon
  3948 | Ossuary  | Noticed an ice devil
  3956 | Ossuary  | XOM: cloud trail
  3965 | Ossuary  | XOM: give mutations
  3965 | Ossuary  | Gained mutation: You are extremely resistant to the effects
                  | of hostile enchantments. (MR+++) [Xom's grace]
  3965 | Ossuary  | Gained mutation: You have sharp fingernails. [Xom's grace]
  3965 | Ossuary  | Gained mutation: Your mind is acute. (Int +2) [Xom's grace]
  3965 | Ossuary  | Gained mutation: You possess an exceptional clarity of
                  | mind. [Xom's grace]
  4100 | Ossuary  | XOM: summons friendly shadow imp
  4102 | Ossuary  | XOM: smoke on damage
  4325 | Ossuary  | XOM: stat loss: -1 Str (14/15)
  4405 | D:8      | XOM: 8-stop teleportation journey
  4416 | D:8      | XOM: silly message
  4432 | D:8      | XOM: cast spell 'Cause Fear'
  4506 | D:7      | XOM: cast spell 'Ring of Flames'
  4525 | D:7      | Reached skill level 5 in Dodging
  4578 | D:8      | Learned a level 1 spell: Apportation
  4584 | D:8      | Learned a level 1 spell: Animate Skeleton
  4592 | D:8      | Found a staircase to the Lair.
  4592 | D:8      | Noticed a komodo dragon
  4647 | D:7      | XOM: summons 3 hostile demons
  4650 | D:7      | XOM: divination: magic mapping
  4651 | D:7      | XOM: enchant monster (good)
  4700 | D:7      | XOM: 3-stop teleportation journey
  4889 | D:8      | XOM: polymorph killer bee -> shapeshifter
  4898 | D:8      | XOM: god gift: fizzy coppery potion {god gift}
  4946 | D:8      | XOM: enchant monster (good)
  5093 | D:8      | Noticed a hornet
  5103 | D:8      | Killed a hornet
  5103 | D:8      | Reached XP level 10. HP: 47/47 MP: 11/11
  5189 | D:8      | Found Uzugaib's Book Shoppe.
  5312 | D:9      | XOM: scenery: 3 doors close
  5327 | D:9      | XOM: 3-stop teleportation journey
  5328 | D:9      | Noticed a cyclops
  5329 | D:9      | XOM: butterfly on damage
  5331 | D:9      | Hit by a large rock thrown by a cyclops

Levels and vault maps discovered:
D:1:      psy_arrival_terrarium, layout_rooms, chequers_jeans,
          minmay_tetromino_t2
D:2:      layout_basic, minmay_distorted
D:3:      layout_basic, portal_sewer_entry_a, lemuel_blue_sif_altar
D:4:      layout_basic, bloody_trog, serial_shops, shop, corexii_hall_statues_i,
          lemuel_tele_altar
D:5:      kennysheep_steamy, layout_rooms, serial_shops,
          nicolae_shop_behind_doors, first_ration
D:6:      layout_rooms, kennysheep_generic_room_10, uniq_grinder, uniq_sigmund,
          uniq_menkaure
D:7:      layout_basic, minmay_temple_entry_fiery, the_bakery, dk_xom_monty_hall
D:8:      layout_cave_pods, david_lair_shrubbed, serial_shops, kennysheep_mini,
          chequers_ossuary_entry_cave
D:9:      layout_roguey

Skill      XL: |  1  2  3  4  5  6  7  8  9 10 |
---------------+-------------------------------+-----
Long Blades    | 3 4 5 7 8 10 | 10.6
Dodging        | 6 7 |  7.1
Fighting       | |  2.6
Armour         | |  1.5

Action                   |  1- 3 |  4- 6 |  7- 9 | 10-12 || total
-------------------------+-------+-------+-------+-------++-------
Melee: Falchion          |    99 |   125 |   358 |    26 ||   608
       Bite              |    22 |    37 |   131 |     9 ||   199
Throw: Dart              |       |       |    21 |     3 ||    24
Evoke: Wand              |       |     2 |     3 |       ||     5
  Use: Scroll            |       |     4 |    15 |       ||    19
       Potion            |       |       |     1 |       ||     1
 Stab: Confused          |       |     2 |       |       ||     2
       Sleeping          |       |       |     2 |       ||     2
       Petrified         |       |       |     5 |       ||     5
       Paralysed         |       |       |     4 |       ||     4
       Petrifying        |       |       |     2 |       ||     2
  Eat: Chunk             |       |     3 |     7 |     1 ||    11
       Ration            |       |       |     1 |       ||     1
Armor: Leather armour    |    35 |    42 |    94 |     8 ||   179
Dodge: Dodged            |    51 |    63 |   188 |    21 ||   323
       Rpst.: Falchion   |    17 |    28 |    59 |     5 ||   109

Table legend:
 A = Non-vault XP
 B = Vault XP
 C = Vault XP percentage of total XP
 D = Non-vault monster count
 E = Vault monster count
 F = Vault count percentage of total count
                 A         B        C        D         E       F
            +---------+---------+-------+---------+---------+-------
      Total |    3722 |    1319 |  26.2 |     153 |      40 |  20.7
            +---------+---------+-------+---------+---------+-------
        D:1 |      35 |       2 |   5.4 |      21 |       1 |   4.5
        D:2 |      46 |       6 |  11.5 |      21 |       4 |  16.0
        D:3 |      31 |      22 |  41.5 |       6 |       4 |  40.0
        D:4 |     538 |       0 |   0.0 |      27 |       0 |   0.0
        D:5 |     391 |       0 |   0.0 |       9 |       0 |   0.0
        D:6 |     118 |     537 |  82.0 |       8 |       3 |  27.3
        D:7 |    1045 |     246 |  19.1 |      29 |       3 |   9.4
        D:8 |    1328 |       0 |   0.0 |      27 |       0 |   0.0
        D:9 |     190 |       0 |   0.0 |       5 |       0 |   0.0
      Sewer |       0 |     112 | 100.0 |       0 |      10 | 100.0
    Ossuary |       0 |     394 | 100.0 |       0 |      15 | 100.0
            +---------+---------+-------+---------+---------+-------
